 Dungeon Crawl Stone Soup version 0.20.1-1-g8b1a95d (webtiles) character file.

12 Irenicus the Grave Robber (level 2, -2/22 HPs)
             Began as a Deep Dwarf Necromancer on Nov 7, 2017.
             Slain by a gnoll (3 damage)
             ... on level 2 of the Dungeon.
             The game lasted 00:02:49 (329 turns).

Irenicus the Grave Robber (Deep Dwarf Necromancer)   Turns: 329, Time: 00:02:50

Health: -2/22      AC:  3    Str:  8    XL:     2   Next: 20%
Magic:  4/4        EV: 12    Int: 15    God:
Gold:   33         SH:  0    Dex: 13    Spells: 3/4 levels left

rFire    . . .     SeeInvis .   g - +0 dagger
rCold    . . .     Gourm    .   (no shield)
rNeg     . . .     Faith    .   e - +0 leather armour
rPois    .         Spirit   .   (no helmet)
rElec    .         Reflect  .   (no cloak)
rCorr    .         Harm     .   (no gloves)
MR       .....                  (no boots)
Stlth    ++........             (no amulet)
Regen    0.0/turn               i - -3 ring of strength (curse)
MPRegen  0.1/turn               (no ring)

@: non-regenerating
A: damage resistance, heal wounds, sense surroundings 1, no regeneration
a: Heal Wounds


You were on level 2 of the Dungeon.
You were not hungry.

You visited 1 branch of the dungeon, and saw 2 of its levels.

You collected 33 gold pieces.

Inventory:

Hand Weapons
 g - a +0 dagger (weapon)
Armour
 e - a +0 leather armour (worn)
Jewellery
 i - a cursed -3 ring of strength (left hand)
Scrolls
 d - a scroll of teleportation {unknown}
 f - a scroll of remove curse {unknown}
 h - a scroll of recharging {unknown}
 j - a scroll of enchant weapon {unknown}
 k - a scroll of identify {unknown}
 l - 2 scrolls of amnesia {unknown}
Potions
 a - 3 potions of curing {unknown}
Books
 b - a book of Necromancy

   Spells                             Type                      Level
   a - Pain                           Necromancy                   1
   b - Animate Skeleton               Necromancy                   1
   c - Vampiric Draining              Necromancy                   3
   d - Regeneration                   Charms/Necromancy            3
   e - Animate Dead                   Necromancy                   4
   f - Control Undead                 Necromancy                   4
Comestibles
 c - a bread ration
 m - a meat ration


   Skills:
 - Level 2.1 Dodging
 - Level 2.4 Stealth
 + Level 1.8 Spellcasting
 - Level 5.0 Necromancy


You had 3 spell levels left.
You knew the following spells:

 Your Spells              Type           Power        Failure   Level  Hunger
a - Pain                  Necr           ###.         4%          1    ##.....


Dungeon Overview and Level Annotations

Branches:
Dungeon (2/15)

Altars:


Innate Abilities, Weirdness & Mutations

You are resistant to damage.
You can heal yourself by infusing magical energy.
You passively map a small area around you.
You do not regenerate.


Message History

The gnoll hits you. The gnoll hits you. The gnoll barely misses you.
The gnoll hits you with a whip.
The gnoll throws a throwing net.
The throwing net hits you.
You become entangled in the net!
There is a stone staircase leading up here.
You see here a throwing net.
You can't do that while held in a net.
You struggle against the net.
The gnoll hits you with a flail. The gnoll barely misses you.
The gnoll hits you.
You struggle against the net.
The gnoll barely misses you. The gnoll hits you with a whip.
The gnoll barely misses you.
You tear a large gash into the net.
The gnoll hits you.
* * * LOW HITPOINT WARNING * * *
The gnoll hits you but does no damage. The gnoll hits you with a flail.
* * * LOW HITPOINT WARNING * * *
The gnoll hits you.
* * * LOW HITPOINT WARNING * * *
You rip the net and break free!
The gnoll hits you.
You die...

, #######
, ,
#.....# ,
, #.....#,
, * *
#.....# *
, #
#.....# #.
#.....#
#.##g.(..#
#..@g....#
#.#gg....#
# #......#
*,#......#
#......# *
#......#
#.....##
*,#######
,* ,


You could see 4 gnolls.

Vanquished Creatures
  A dart slug (D:1)
  3 bats (D:1)
  A goblin (D:1)
  A frilled lizard (D:1)
  4 kobolds (D:1)
  A rat (D:1)
11 creatures vanquished.

Notes
Turn   | Place    | Note
-------+----------+-------------------------------------------
     0 | D:1      | Irenicus the Deep Dwarf Necromancer began the quest for the Orb.
     0 | D:1      | Reached XP level 1. HP: 15/15 MP: 3/3
   186 | D:1      | Reached XP level 2. HP: 20/22 MP: 1/4
   220 | D:1      | Reached skill level 5 in Necromancy
   328 | D:2      | HP: 1/22 [gnoll (2)]
   329 | D:2      | Slain by a gnoll

Skill      XL: |  1  2 |
---------------+-------+-----
Necromancy     | 5 |  5.0
Dodging        | |  2.1
Stealth        | |  2.4
Spellcasting   | |  1.8

Action                   || total
-------------------------++-------
Melee: Dagger            ||     8
       Unarmed           ||     2
 Cast: Pain              ||    16
Armor: Leather armour    ||     5
Dodge: Dodged            ||    16
